 Dungeon Crawl Stone Soup version 0.26.0-10-g1f06aea511 (webtiles) character file.

Game seed: 10995510704937215925

11 CurlyBrace the Grasshopper (level 2, -1/13 HPs)
             Began as a Felid Warper on Jan 14, 2021.
             Was an Initiate of Cheibriados.
             Slain by an orc
             ... wielding a +0 falchion
              (3 damage)
             ... on level 4 of the Dungeon.
             The game lasted 00:05:27 (457 turns).

CurlyBrace the Grasshopper (Felid Warper)            Turns: 457, Time: 00:05:27

Health: -1/13      AC:  1    Str:  8    XL:     2   Next: 17%
Magic:  2/6        EV: 18    Int: 15    God:    Cheibriados [......]
Gold:   9          SH:  0    Dex: 16    Spells: 3/5 levels left
                                        Lives:  0   Deaths: 0

rFire    . . .     SeeInvis +     - Unarmed
rCold    . . .     Faith    .   (shield unavailable)
rNeg     . . .     Spirit   .   (armour unavailable)
rPois    .         Reflect  .   (helmet unavailable)
rElec    .         Harm     .   (cloak unavailable)
rCorr    .         Rampage  .   (gloves unavailable)
Will     .....                  (boots unavailable)
Stlth    ++........             (no amulet)
HPRegen  0.04/turn              (no ring)
MPRegen  0.10/turn              (no ring)

@: slow
A: very small, no armour, no weapons or thrown items, stealth, claws 1, fangs 3,
see invisible, speed 1, shaggy fur 1, sharp paws
a: Renounce Religion, Bend Time


You were on level 4 of the Dungeon.
You worshipped Cheibriados.
Cheibriados was noncommittal.
You visited 2 branches of the dungeon, and saw 6 of its levels.

You collected 9 gold pieces.

You aren't carrying anything.


   Skills:
 - Level 2.0 Fighting
 - Level 3.2 Dodging
 + Level 1.4 Stealth
 * Level 2.6 Unarmed Combat
 - Level 2.0 Spellcasting
 - Level 4.4 Translocations


You had 3 spell levels left.
You knew the following spells:

 Your Spells              Type           Power        Failure   Level
a - Blink                 Tloc           N/A          5%          2

Your spell library contained the following spells:

 Spells                   Type           Power        Failure   Level
 Gell's Gravitas          Tloc           7%           11%         3
 Lesser Beckoning         Tloc           7%           11%         3
 Teleport Other           Tloc           14%          11%         3
 Passage of Golubria      Tloc           N/A          36%         4


Dungeon Overview and Level Annotations

Branches:
Dungeon (5/15)             Temple (1/1) D:4

Altars:
Cheibriados
Elyvilon
Nemelex Xobeh
Zin
The Shining One

Annotations:
D:4 exclusions: dart slug, gnoll, rat and river rat
D:5 Pikel


Innate Abilities, Weirdness & Mutations

You cannot wear armour.
You are incapable of wielding weapons or throwing items.
Your paws allow you to move quietly. (Stealth)
You have sharp claws.
You have razor-sharp teeth.
You have supernaturally acute eyesight. (SInv)
You cover ground quickly.
You are covered in fur. (AC +1)
Your sharp claws are effective at attacking unaware monsters.


Message History

Found a scroll labelled FAXUYWUBLOM.
You pounce on the helpless dart slug from behind!
You claw the dart slug!
The dart slug is severely wounded.
The dart slug completely misses you.
The orc shouts!
You scratch the dart slug.
You kill the dart slug!
You hear a shout! x2
Really walk into a travel-excluded area?
An orc comes into view. It is wielding a +0 hand axe.
The quokka skeleton closely misses you.
You see here a scroll labelled COREMINNYL.
As you read the scroll labelled COREMINNYL, it crumbles to dust.
The scroll dissolves into smoke.
It was a scroll of fog.
The quokka skeleton closely misses you. The orc hits you with a +0 falchion.
* * * LOW HITPOINT WARNING * * *
The orc hits you with a +0 falchion.
You die...

###### #....######
########o#............
.......@.#.#######.#.
.#######.#o# ##..#
#.#.# #...# #.#.#
#...# ####.#§######..#
.......§§§§§§...#
####...§§§§§....#
#.####§####..# #.
#.Z§§.##..#


You could see an orc.

Vanquished Creatures
  A dart slug (D:4)
  A leopard gecko (D:4)
  2 orcs (D:4)
  A quokka (D:4)
  A bat (D:3)
  A frilled lizard (D:3)
7 creatures vanquished.

Notes
Turn   | Place    | Note
-------+----------+-------------------------------------------
     0 | D:1      | CurlyBrace the Felid Warper began the quest for the Orb.
     0 | D:1      | Reached XP level 1. HP: 9/9 MP: 4/4
    94 | D:4      | Found a staircase to the Ecumenical Temple.
   102 | Temple   | Entered the Ecumenical Temple
   110 | Temple   | Became a worshipper of Cheibriados the Contemplative
   137 | D:5      | Entered Level 5 of the Dungeon
   137 | D:5      | Noticed a lemure
   137 | D:5      | Noticed a lemure
   137 | D:5      | Noticed a lemure
   261 | D:4      | Reached skill level 1 in Stealth
   337 | D:5      | Noticed Pikel
   413 | D:4      | Found a glowing silver altar of Zin.
   423 | D:4      | Reached XP level 2. HP: 6/13 MP: 6/6
   426 | D:4      | Learned a level 2 spell: Blink
   457 | D:4      | Slain by an orc

Illustrated notes

Levels and vault maps discovered:
D:1:      ncdulo_wetmaze, layout_basic
D:2:      layout_loops_cross, serial_rivers, chequers_serial_rivers_micro_a,
          chequers_serial_rivers_small_b, chequers_serial_rivers_room_a,
          chequers_serial_rivers_micro_b, chequers_serial_rivers_micro_e,
          chequers_serial_rivers_marsh, roderic_serpentine_path
D:3:      layout_basic, old_standard_altar
D:4:      layout_loops_ring, lemuel_doored_altar, vehumet_statue,
          grunt_gozag_breadcrumbs, old_standard_altar,
          minmay_temple_entry_glassed_door, portal_sewer_entry_a, trog_book
D:5:      layout_loops_ring, kennysheep_vampire_church,
          nicolae_ru_sacrificial_ziggurat, uniq_pikel
Temple:   dpeg_three_leaves_temple

Skill      XL: |  1 |
---------------+----+-----
Stealth        | 1 |  1.4
Fighting       | |  2.0
Dodging        | |  3.2
Unarmed Combat | |  2.6
Spellcasting   | |  2.0
Translocations | |  4.4

Action                   || total
-------------------------++-------
Melee: Unarmed           ||    21
       Bite              ||     3
 Cast: Blink             ||     3
  Use: Scroll            ||     2
       Potion            ||     1
 Stab: Sleeping          ||     1
       Distracted        ||     1
Armor: Skin              ||     1
Dodge: Dodged            ||    24
